 Dungeon Sprint DCSS version 0.26.1-2-gb8aa6d0cf2 (webtiles) character file.

Game seed: 16335349175743062414

263 Groucho the Unseen (level 5, -22/21 HPs)
             Began as a Felid Summoner on Feb 17, 2021.
             Was a Believer of Uskayaw.
             Shot with an arrow by a spriggan rider (26 damage)
             ... in the Dungeon (Sprint IV: "Fedhas' Mad Dash").
             The game lasted 00:02:12 (684 turns).

Groucho the Unseen (Felid Summoner)                  Turns: 684, Time: 00:02:12

Health: -22/21     AC:  1    Str:  5    XL:     5   Next: 97%
Magic:  5/12       EV: 18    Int: 17    God:    Uskayaw [**....]
Gold:   100        SH:  0    Dex: 16    Spells: 7/13 levels left
                                        Lives:  0   Deaths: 1

rFire    . . .     SeeInvis +   (weapon unavailable)
rCold    . . .     Faith    .   (shield unavailable)
rNeg     . . .     Spirit   .   (armour unavailable)
rPois    .         Reflect  .   (helmet unavailable)
rElec    .         Harm     .   (cloak unavailable)
rCorr    .         Rampage  .   (gloves unavailable)
Will     .....     NoTele   +   (boots unavailable)
Stlth    ++++++....             f - amulet of invisibility {+Inv}
HPRegen  0.07/turn              (no ring)
MPRegen  0.13/turn              (no ring)

@: quick
A: very small, no armour, no weapons or thrown items, stealth, claws 1, fangs 3,
see invisible, speed 1, shaggy fur 1, sharp paws
a: Renounce Religion, Evoke Invisibility, Stomp, Line Pass


You were in the Dungeon.
You worshipped Uskayaw.
Uskayaw was noncommittal.
You visited 1 branch You collected 100 gold pieces.

Inventory:

Jewellery
 f - the amulet of invisibility (around neck) {+Inv}
   (You found it in the Dungeon)

   [amulet of nothing]

   It lets you turn invisible.
Scrolls
 a - a scroll of immolation {unknown}
 g - a scroll of blinking
Potions
 b - a potion of curing
 c - a potion of heal wounds
 d - a potion of haste
 e - 2 potions of magic


   Skills:
 - Level 2.6 Dodging
 * Level 15.2 Stealth
 + Level 4.5 Spellcasting
 + Level 6.1 Summonings
 + Level 4.3 Invocations


You had 7 spell levels left.
You knew the following spells:

 Your Spells              Type           Power        Failure   Level
a - Summon Small Mammal   Summ           96%          1%          1
b - Call Imp              Summ           24%          1%          2
c - Call Canine Familiar  Summ           24%          3%          3

Your spell library contained the following spells:

 Spells                   Type           Power        Failure   Level
 Summon Guardian Golem    Hex/Summ       14%          13%         3
 Summon Ice Beast         Ice/Summ       14%          38%         4
 Summon Lightning Spire   Summ/Air       14%          38%         4


Dungeon Overview and Level Annotations

Branches:
Dungeon (1/1)

Altars:
Cheibriados
Dithmenos
Elyvilon
Gozag
Hepliaklqana
Kikubaaqudgha
Makhleb
Nemelex Xobeh
Okawaru
Qazlal
Ru
Sif Muna
Trog
Uskayaw
Vehumet
Wu Jian
Xom
Yredelemnul
Zin
The Shining One
Beogh
Jiyva
Lugonu


Innate Abilities, Weirdness & Mutations

You cannot wear armour.
You are incapable of wielding weapons or throwing items.
Your paws allow you to move quietly. (Stealth)
You have sharp claws.
You have razor-sharp teeth.
You have supernaturally acute eyesight. (SInv)
You cover ground quickly.
You are covered in fur. (AC +1)
Your sharp claws are effective at attacking unaware monsters.


Message History

You hear the crackle of electricity.
The spriggan rider shoots an arrow.
The arrow closely misses you.
You hear an angry buzzing noise.
Your hound closely misses the spriggan rider.
Unknown command.
Unknown command.
Casting: Call Canine Familiar (quite dangerous; 3% risk of failure)
Confirm with . or Enter, or press ? or * to list all spells.
The spell is quite dangerous to cast (3% risk of failure)!
Continue anyway?
Okay, then.
Unknown command.
Unknown command.
Casting: Call Canine Familiar (quite dangerous; 3% risk of failure)
Confirm with . or Enter, or press ? or * to list all spells.
The spell is quite dangerous to cast (3% risk of failure)!
Continue anyway?
Your hound disappears in a puff of smoke!
You hear an angry buzzing noise.
The spriggan rider shoots an arrow.
The arrow pierces through you!!
Ouch! That really hurt!
You die...

yy†...♣.....#...###############
.y...♣..♣..###### #+####+#####
######################
.....................#
y..*.............§.P.###
s..........(...@..iP.....
y................h.P...##
#########+##############


You could see a spriggan rider and a friendly hound (summoned).

Vanquished Creatures
  A spriggan (D)
  A killer bee (D)
  4 oklob saplings (D)
  A worker ant (D)
  A river rat (D)
  A rat (D)
9 creatures vanquished.

Vanquished Creatures (others)
  A fungus (D)
1 creature vanquished.

Grand Total: 10 creatures vanquished

Notes
Turn   | Place    | Note
-------+----------+-------------------------------------------
     0 | D        | Groucho the Felid Summoner began the quest for the Orb.
     0 | D        | Reached XP level 1. HP: 7/7 MP: 4/4
    17 | D        | Reached skill level 6 in Stealth
    17 | D        | Reached XP level 2. HP: 11/11 MP: 6/6
   169 | D        | Learned a level 2 spell: Call Imp
   170 | D        | Noticed an oklob sapling
   171 | D        | Killed an oklob sapling
   172 | D        | Reached skill level 9 in Stealth
   172 | D        | Reached XP level 3. HP: 14/14 MP: 7/7
   177 | D        | Learned a level 3 spell: Call Canine Familiar
   179 | D        | Found the amulet of invisibility {+Inv}
   181 | D        | Reached skill level 10 in Stealth
   213 | D        | Found an opulent altar of Gozag.
   213 | D        | Found a hazy altar of Hepliaklqana.
   213 | D        | Found a roughly hewn altar of Beogh.
   213 | D        | Found a snail-covered altar of Cheibriados.
   214 | D        | Found a viscous altar of Jiyva.
   214 | D        | Found a burning altar of Makhleb.
   214 | D        | Found a sparkling altar of Nemelex Xobeh.
   214 | D        | Found a sacrificial altar of Ru.
   214 | D        | Found a shimmering blue altar of Sif Muna.
   214 | D        | Found a bloodstained altar of Trog.
   214 | D        | Found an ornate altar of the Wu Jian Council.
   214 | D        | Found a shimmering altar of Xom.
   214 | D        | Found a basalt altar of Yredelemnul.
   214 | D        | Noticed an oklob sapling priest
   215 | D        | Found an iron altar of Okawaru.
   215 | D        | Found a shadowy altar of Dithmenos.
   215 | D        | Found a glowing silver altar of Zin.
   216 | D        | Found an ancient bone altar of Kikubaaqudgha.
   216 | D        | Found a hide-covered altar of Uskayaw.
   217 | D        | Found a stormy altar of Qazlal.
   217 | D        | Found a glowing golden altar of the Shining One.
   217 | D        | Found a white marble altar of Elyvilon.
   218 | D        | Found a radiant altar of Vehumet.
   218 | D        | Found a corrupted altar of Lugonu.
   222 | D        | Killed an oklob sapling priest
   223 | D        | Reached skill level 12 in Stealth
   223 | D        | Reached XP level 4. HP: 18/18 MP: 5/8
   226 | D        | Became a worshipper of Uskayaw the Reveller
   462 | D        | Reached * piety under Uskayaw
   463 | D        | Reached skill level 13 in Stealth
   463 | D        | Reached skill level 1 in Invocations
   463 | D        | Reached XP level 5. HP: 21/21 MP: 6/9
   654 | D        | Noticed a queen bee
   664 | D        | Reached ** piety under Uskayaw
   666 | D        | Reached skill level 14 in Stealth
   666 | D        | Reached skill level 5 in Summonings
   668 | D        | Slain by a queen bee
   669 | D        | Reached XP level 4. HP: -2/18 MP: 9/10
   669 | D        | Noticed a hornet
   669 | D        | Noticed a demonic crawler
   669 | D        | Noticed a spriggan
   669 | D        | Noticed a ghost moth
   672 | D        | Killed a spriggan
   672 | D        | Reached *** piety under Uskayaw
   673 | D        | Reached skill level 15 in Stealth
   673 | D        | Reached XP level 5. HP: 21/21 MP: 10/12
   673 | D        | Noticed a spriggan rider
   684 | D        | Shot with an arrow by a spriggan rider

Illustrated notes

Levels and vault maps discovered:
D:        dungeon_sprint_fedhas [sprint_temple]

Skill      XL: |  1  2  3  4  5 |
---------------+----------------+-----
Stealth        | 6 9 12 15 14 | 15.2
Invocations    | 4 2 |  4.3
Spellcasting   | 4 3 |  4.5
Summonings     | 6 5 |  6.1
Dodging        | |  2.6

Action                   |  1- 3 |  4- 6 || total
-------------------------+-------+-------++-------
Melee: Unarmed           |    11 |     9 ||    20
       Bite              |     1 |       ||     1
 Cast: Call Canine Famil |       |     2 ||     2
 Abil: Evoke Invisibilit |     1 |     3 ||     4
  Use: Potion            |     1 |       ||     1
 Stab: Sleeping          |     3 |     5 ||     8
       Invisible         |     1 |       ||     1
Dodge: Dodged            |     6 |    11 ||    17
